cohdb
Replays
Latest Replays
All Replays
Popular Replays
Top Player Replays
Match Explorer
How It Works
Community
CoH3 Stats
Reddit
Sign in to upload your games and track your stats! →
Sign in with Steam
Match 42593786
Unlisted
Match 42593786
Overview
Messages
Build Orders
End
Pioneer Squad
Pioneer Squad
Construct Infanterie Kompanie
MG 42 Machine Gun Team
Grenadier Squad
Grenadier Squad
Construct Luftwaffe Kompanie
221 Scout Car
GrW 34 Mortar Team
Jäger Squad
Selects Luftwaffe Battlegroup
Selects Stuka Strafing Run
Nubbl0r
Melon121
0
0
Comments
sign in to comment!
No comments posted yet!